 Dungeon Crawl Stone Soup version 0.31.0-32-g396128a36d (webtiles) character file.

Game seed: 6498849070372808839

1866 Caddix the Fighter (level 8, -1/68 HPs)
             Began as a Demonspawn Brigand on Mar 8, 2024.
             Was an Initiate of Gozag.
             Slain by an orc priest
             ... wielding a +0 hand axe
              (5 damage)
             ... on level 6 of the Dungeon.
             The game lasted 00:09:14 (5844 turns).

Caddix the Fighter (Demonspawn Brigand)             Turns: 5844, Time: 00:09:14

Health: -1/68      AC: 11    Str: 13    XL:     8   Next: 90%
Magic:  12/12      EV: 13    Int: 13    God:    Gozag
Gold:   503        SH:  0    Dex: 14    Spells: 11/13 levels left

rFire   . . .        i - +4 spear
rCold   . . .        (no shield)
rNeg    . . .        o - +0 ring mail
rPois   .            s - +0 helmet
rElec   .            c - +0 cloak
rCorr   .            v - +0 pair of gloves
SInv    .            q - +2 pair of boots {Stlth+}
Will    .....        (no amulet)
Stlth   +++          Z - ring of wizardry
HPRegen 0.31/turn    (no ring)
MPRegen 0.13/turn

%: wizardry (x1)
@: weakened, gold aura
A: repulsion field 2, demonic magic 1
a: Renounce Religion, Potion Petition, Call Merchant, Bribe Branch


You were on level 6 of the Dungeon.
You worshipped Gozag.
Gozag was pleased with you.
You visited 2 branches of the dungeon, and saw 7 of its levels.

You collected 626 gold pieces.
You paid 123 gold pieces to Gozag.


Innate Abilities, Weirdness & Mutations

You are surrounded by a moderate repulsion field. (EV +3)
Spells you cast may paralyse adjacent enemies.


   Skills:
 - Level 8.0 Fighting
 - Level 1.7 Short Blades
 + Level 4.9 Polearms
 - Level 1.7 Throwing
 - Level 0.8 Dodging
 - Level 5.0 Stealth
 - Level 3.0 Spellcasting
 - Level 4.0 Summonings


You had 11 spell levels left.
You knew the following spells:

 Your Spells              Type           Power      Damage    Failure   Level
c - Call Imp              Summ           24%        N/A       6%          2

Your spell library contained the following spells:

 Spells                   Type           Power      Damage    Failure   Level
 Kiss of Death            Conj/Necr      4%         2d5       21%         1
 Magic Dart               Conj           4%         1d3       21%         1
 Shock                    Conj/Air       4%         1d3       21%         1
 Blink                    Tloc           2%         N/A       28%         2
 Swiftness                Air            1%         N/A       50%         3
 Airstrike                Air            0%         2d(1-17)  86%         4
 Iskenderun's Mystic Bla  Conj/Tloc      1%         2d3       86%         4
 Fireball                 Conj/Fire      0%         3d3       99%         5
 Shatter                  Erth           0%         3d5*      100%        9

Inventory:

Hand Weapons
 a - a +2 dagger
 i - a +4 spear (weapon)
 l - a +0 whip
Missiles
 d - 12 poisoned darts
 e - 2 curare-tipped darts (quivered) {=f}
 k - 5 atropa-tipped darts
Armour
 c - a +0 cloak (worn)
 o - a +0 ring mail (worn)
 q - a +2 pair of boots of stealth (worn)
 s - a +0 helmet (worn)
 v - a +0 pair of gloves (worn)
 B - a +0 tower shield
Magical Staves
 b - a staff of conjuration {!a}
 h - a staff of alchemy {!a}
Jewellery
 C - a ring of protection from cold
 Z - a ring of wizardry (left hand)
Wands
 y - a wand of mindburst (10)
 G - a wand of flame (13)
Scrolls
 g - 4 scrolls of teleportation {@r2}
 j - 3 scrolls of identify {@r1}
 m - 2 scrolls of poison {unknown}
 n - a scroll of vulnerability {unknown}
 r - a scroll of enchant armour {unknown}
 t - 3 scrolls of amnesia {unknown}
 w - a scroll of torment {unknown}
 x - 2 scrolls of immolation {unknown}
 E - a scroll of enchant weapon {unknown}
 F - a scroll of noise {unknown}
Potions
 f - a potion of lignification {unknown}
 p - 3 potions of curing {@q1}
 u - 2 potions of mutation
 z - a potion of brilliance {unknown}
 A - a potion of attraction {unknown}
 D - a potion of might

Dungeon Overview and Level Annotations

Branches:
Dungeon (6/15)             Temple (1/1) D:5

Altars:
Ashenzari
Dithmenos
Gozag
Hepliaklqana
Kikubaaqudgha
Makhleb
Nemelex Xobeh
Okawaru
Qazlal
Ru
Sif Muna
Trog
Uskayaw
Wu Jian
Yredelemnul

... #............##........#.
.... #.#........#####....(.<#.
.....#.##.#.....#####.......'.
.....o....#.................#.
.######$###...................
#..##.###..........###..
#>.$....................
#.#....####......#####....
#.'...Jgo@.........# #....
#.#...g#####.......# #....
....#'### ....#...# #....
..##.#.# #....#....##.... ..
..#.. #.........####. ## #.
#.......... . .


You could see a jelly, an orc priest and 2 gnolls.


Message History

16 gold pieces; a +0 club; a +0 leather armour Unknown command.
You hit the orc priest.
The orc priest is lightly wounded.
The orc priest barely misses you.
You closely miss the orc priest.
The orc priest is lightly wounded.
The orc priest hits you with a +0 hand axe.
* * * LOW HITPOINT WARNING * * *
You barely miss the orc priest.
The orc priest is lightly wounded.
The gnoll is distracted by your dazzling golden aura.
The gnoll shouts!
You hit the orc priest.
The orc priest is moderately wounded.
The gnoll is no longer distracted by gold.
The orc priest misses you.
You closely miss the orc priest.
The orc priest is moderately wounded.
The orc priest barely misses you.
Unknown command.
You hit the orc priest.
The orc priest is heavily wounded.
The orc priest hits you with a +0 hand axe.
* * * LOW HITPOINT WARNING * * *
You hit the orc priest.
The orc priest is severely wounded.
The orc priest hits you with a +0 hand axe.
You die...
Your body crumbles into a pile of gold.

Skill      XL: |  1  2  3  4  5  6  7  8 |
---------------+-------------------------+-----
Fighting       | 3 4 5 6 8 |  8.0
Polearms       | 1 2 3 4 |  4.9
Stealth        | 4 5 |  5.0
Summonings     | 3 4 |  4.0
Spellcasting   | 1 3 |  3.0
Short Blades   | |  1.7
Throwing       | |  1.7
Dodging        | |  0.8

Action                     |  1- 3 |  4- 6 |  7- 9 || total
---------------------------+-------+-------+-------++-------
  Melee: Dagger            |    44 |       |       ||    44
         Spear             |    41 |   152 |   296 ||   489
         Punch             |       |     2 |     8 ||    10
  Throw: Dart              |       |       |     2 ||     2
   Cast: Call Imp          |       |       |     1 ||     1
    Use: Potion            |       |       |     5 ||     5
         Scroll            |       |       |     4 ||     4
   Stab: Sleeping          |     5 |     5 |     7 ||    17
         Distracted        |       |     1 |     3 ||     4
         Paralysed         |       |     1 |       ||     1
 Armour: Robe              |    17 |       |       ||    17
         Ring mail         |    15 |    75 |   160 ||   250
  Dodge: Dodged            |    38 |    62 |   124 ||   224

Levels and vault maps discovered:
D:1:      tarquinn_simple_flora_water_a, layout_basic
D:2:      layout_loops_ring, minmay_misc_feat_tower,
          hangedman_abyss_or_decor_lesser_grid, serial_park_tiny_2, uniq_robin,
          uniq_sigmund
D:3:      layout_rooms, nicolae_ru_great_annihilating_truth,
          hellmonk_ecumenical_altar_lost_god
D:4:      layout_basic, grunt_decor_resistance, uniq_grinder
D:5:      layout_loops_ring, mainiacjoe_overflow_alcove_2,
          minmay_temple_entry_fiery, nicolae_tricolors, uniq_ijyb
D:6:      layout_basic, serial_shops, shop, small_statue_intersection,
          minmay_increasing_density, uniq_edmund
Temple:   eino_temple_scatter_basement

Notes
Turn   | Place    | Note
-------+----------+-------------------------------------------
     0 | D:1      | Caddix the Demonspawn Brigand began the quest for the Orb.
     0 | D:1      | Reached XP level 1. HP: 16/16 MP: 1/1
   236 | D:1      | Gained mutation: You are surrounded by a mild repulsion
                  | field. (EV +2) [demonic ancestry]
   236 | D:1      | Reached XP level 2. HP: 23/23 MP: 2/2
   567 | D:1      | Reached skill level 3 in Fighting
   599 | D:1      | Reached skill level 1 in Polearms
   872 | D:2      | Reached XP level 3. HP: 29/29 MP: 3/3
  1059 | D:2      | Noticed Sigmund
  1074 | D:2      | Killed Sigmund
  1075 | D:2      | Reached skill level 4 in Fighting
  1075 | D:2      | Reached skill level 2 in Polearms
  1075 | D:2      | Reached skill level 4 in Stealth
  1075 | D:2      | Gained mutation: Spells you cast may paralyse adjacent
                  | enemies. [demonic ancestry]
  1075 | D:2      | Reached XP level 4. HP: 13/37 MP: 4/4
  1075 | D:2      | Reached XP level 5. HP: 15/42 MP: 5/5
  1182 | D:2      | Noticed Robin
  1208 | D:2      | Killed Robin
  1661 | D:3      | Found a sacrificial altar of Ru.
  1750 | D:3      | Reached skill level 3 in Polearms
  1750 | D:3      | Reached skill level 5 in Stealth
  1750 | D:3      | Reached XP level 6. HP: 48/48 MP: 6/6
  1820 | D:3      | Found a faded altar of an unknown god.
  1919 | D:3      | HP: 2/48 [orc/+0 falchion (3)]
  2542 | D:4      | Noticed Grinder
  2558 | D:4      | Paralysed by Grinder for 4 turns
  2577 | D:4      | Paralysed by Grinder for 2 turns
  2582 | D:5      | Entered Level 5 of the Dungeon
  2786 | D:5      | Noticed Ijyb
  2802 | D:5      | Killed Ijyb
  2927 | D:5      | Got the Discourse on Bright Grit
  2949 | D:5      | Reached skill level 4 in Polearms
  3121 | D:4      | Reached skill level 5 in Fighting
  3121 | D:4      | Gained mutation: You are surrounded by a moderate repulsion
                  | field. (EV +3) [demonic ancestry]
  3121 | D:4      | Reached XP level 7. HP: 50/56 MP: 7/7
  3127 | D:4      | Learned a level 2 spell: Call Imp
  3438 | D:4      | Paralysed by Grinder for 4 turns
  3457 | D:4      | Killed Grinder
  3458 | D:4      | Reached skill level 2 in Summonings
  3965 | D:5      | Found a sparkling altar of Nemelex Xobeh.
  4198 | D:5      | Reached skill level 1 in Spellcasting
  4305 | D:5      | Reached skill level 6 in Fighting
  4317 | D:5      | Reached skill level 3 in Summonings
  4553 | D:5      | Reached XP level 8. HP: 64/64 MP: 10/10
  4674 | D:5      | Reached skill level 2 in Spellcasting
  4699 | D:5      | Found a staircase to the Ecumenical Temple.
  4718 | Temple   | Entered the Ecumenical Temple
  4727 | Temple   | Became a worshipper of Gozag Ym Sagoz the Greedy
  4823 | D:6      | Noticed Edmund
  4838 | D:5      | HP: 6/64 [orc/+0 mace (2)]
  5195 | D:5      | Killed Edmund
  5196 | D:5      | Reached skill level 3 in Spellcasting
  5196 | D:5      | Reached skill level 4 in Summonings
  5335 | D:6      | HP: 6/65 [black bear (6)]
  5346 | D:6      | Reached skill level 7 in Fighting
  5585 | D:6      | Reached skill level 8 in Fighting
  5836 | D:6      | HP: 6/68 [orc priest/divine providence (13)]
  5843 | D:6      | HP: 3/68 [orc priest/+0 hand axe (3)]
  5844 | D:6      | Slain by an orc priest

Vanquished Creatures
  Grinder (D:4)
  Sigmund (D:2)
  Edmund (D:5)
  A black bear (D:6)
  3 ogres
  A centaur (D:6)
  A phantom (D:5)
  2 howler monkeys
  5 hounds
  3 bombardier beetles (D:5)
  A gnoll bouda (D:6)
  2 orc priests (D:5)
  2 sleepcaps
  Ijyb (D:5)
  3 iguanas
  5 orc wizards
  Robin (D:2)
  5 gnolls
  3 adders (D:6)
  An ufetubus (D:6)
  3 dart slugs
  A ribbon worm (D:2)
  15 orcs
  4 endoplasms
  A giant cockroach (D:3)
  12 goblins
  7 hobgoblins
  2 jackals (D:5)
  A quokka (D:1)
  5 ball pythons
  2 bats (D:1)
  5 frilled lizards
  5 kobolds
  2 rats
108 creatures vanquished.

Table legend: (Time is in decaauts)
 A = Elapsed time spent in this place.
 B = Non-inter-level travel time spent in this place.
 C = Inter-level travel time spent in this place.
 D = Time resting spent in this place.
 E = Time spent auto-exploring this place.
 F = Levels seen in this place.
 G = Mean time per level.
                   A        B        C        D        E       F      G
               +--------+--------+--------+--------+--------+-----+--------+
         Total |   5800 |   5507 |    293 |   1184 |   3279 |   7 |  828.6 |
       Dungeon |   5781 |   5505 |    276 |   1184 |   3279 |   6 |  963.5 |
        Temple |     18 |      1 |     17 |      0 |      0 |   1 |   18.0 |
               +--------+--------+--------+--------+--------+-----+--------+

Top non-repeatable levels by time:
     D:5: 1820 daAuts
     D:4: 913 daAuts
     D:2: 875 daAuts
     D:3: 791 daAuts
     D:1: 781 daAuts
     D:6: 600 daAuts
  Temple: 18 daAuts

Table legend:
 A = Non-vault XP
 B = Vault XP
 C = Vault XP percentage of total XP
 D = Non-vault monster count
 E = Vault monster count
 F = Vault count percentage of total count
                 A         B        C        D         E       F
            +---------+---------+-------+---------+---------+-------
      Total |    1453 |    1214 |  45.5 |      78 |      30 |  27.8
            +---------+---------+-------+---------+---------+-------
        D:1 |      38 |       0 |   0.0 |      22 |       0 |   0.0
        D:2 |       9 |     274 |  96.8 |       4 |      13 |  76.5
        D:3 |      99 |      41 |  29.3 |      12 |       4 |  25.0
        D:4 |     129 |     290 |  69.2 |       5 |       1 |  16.7
        D:5 |     768 |     205 |  21.1 |      26 |       2 |   7.1
        D:6 |     410 |     404 |  49.6 |       9 |      10 |  52.6
            +---------+---------+-------+---------+---------+-------
